 Dungeon Crawl Stone Soup version 0.20-a0-731-gecde0bf (webtiles) character file.

999 Alarkh the Slasher (level 8, 62/62 HPs)
             Began as a Demonspawn Monk on Feb 22, 2017.
             Got out of the dungeon alive.
             The game lasted 00:05:57 (3796 turns).

Alarkh the Slasher (Demonspawn Monk)                Turns: 3796, Time: 00:05:58

Health: 62/62      AC:  3    Str: 15    XL:     8   Next: 0%
Magic:  8/8        EV: 15    Int: 14    God:
Gold:   164        SH:  0    Dex: 16    Spells: 7/7 levels left

rFire    . . .     SeeInvis .   a - +0 scimitar
rCold    . . .     Gourm    .   b - +0 robe
rNeg     . . .     Faith    .   (no shield)
rPois    .         Spirit   .   (helmet restricted)
rElec    .         Reflect  .   (no cloak)
rCorr    .         Harm     .   o - +0 pair of gloves
MR       .....                  (no boots)
Stlth    ++........             r - amulet of regeneration
Regen    0.6/turn               (no ring)
MPRegen  0.2/turn               p - +4 ring of strength

@: no status effects
A: horns 2, demonic guardian 1, powered by pain 1
a: no special abilities


You escaped.
You were not hungry.

You visited 1 branch of the dungeon, and saw 5 of its levels.

You collected 164 gold pieces.

Inventory:

Hand Weapons
 a - a +0 scimitar (weapon)
 h - a +0 long sword
 m - a +0 falchion
Armour
 b - a +0 robe (worn)
 o - a +0 pair of gloves (worn)
Jewellery
 p - a +4 ring of strength (left hand)
 r - an amulet of regeneration (around neck)
Scrolls
 e - a scroll of identify
 f - a scroll of amnesia
 j - a scroll of magic mapping
 k - a scroll of remove curse {unknown}
 n - a scroll of fear
 u - a scroll of fog {unknown}
Potions
 d - a potion of heal wounds
 i - 2 potions of curing
 s - a potion of cancellation
 v - a potion of might {unknown}
Books
 t - a book of Callings

   Spells                             Type                      Level
   a - Summon Small Mammal            Summoning                    1
   b - Call Imp                       Summoning                    2
   c - Call Canine Familiar           Summoning                    3
   d - Summon Guardian Golem          Hexes/Summoning              3
   e - Summon Lightning Spire         Summoning/Air                4
   f - Summon Ice Beast               Ice/Summoning                4
Comestibles
 c - 6 bread rations
 g - 2 royal jellies
 l - 2 meat rations
 q - 2 chunks of flesh


   Skills:
 + Level 5.3 Fighting
 * Level 6.5 Long Blades
 + Level 5.1 Dodging
 - Level 1.7 Stealth


You had 7 spell levels left.
You didn't know any spells.

Dungeon Overview and Level Annotations

Branches:
Dungeon (5/15)             Temple (0/1) D:5

Altars:
Dithmenos
Makhleb
Nemelex Xobeh
Qazlal
Xom

Shops:
D:4 }


Innate Abilities, Weirdness & Mutations

You have a pair of horns on your head.
A weak demonic guardian rushes to your aid.
You sometimes gain a little power by taking damage.


Message History

The bat is moderately wounded.
The bat barely misses you. The bat barely misses you.
You riposte.
You closely miss the bat. You headbutt the bat.
You kill the bat!
No target in view!
No target in view!
(D) Dungeon (T) Temple
Where to? (Enter - D:1 @ (x,y), ? - help)
You open the door.
There is an open door here.
You open the door.
There is an open door here.
There is an open door here.
Eating one of 3 chunks of flesh.
You eat one of the 3 chunks of flesh.
This raw flesh tastes terrible.
There is an open gate here.
There is a staircase leading out of the dungeon here.
Are you sure you want to leave the Dungeon?
This will make you lose the game!
You have escaped!

...# ##.....###..# #...
...# #...#...##..# ##..
...#
##...#...##..#######..
...#
#...###...#...........
...# ##...#
#...##.######.#. ####
#..[## ##...#......#.#.
#
##...#####...######.#.#.
# #.............#
###.#.#. #......@......#
#...#.#. ###############
#.###.## #.###'##
#.#..... #.#.....
#.#..... #[#.....
#.#..... #.......


There were no monsters in sight!

Vanquished Creatures
  Grinder (D:2)
  The ghost of nubinia the Conjurer, an amateur TeCj of Xom (D:4)
  An ogre (D:4)
  Blork the orc (D:4)
  2 scorpions (D:4)
  2 howler monkeys
  A hound (D:4)
  Jessica (D:3)
  An iguana (D:5)
  A worker ant (D:4)
  9 adders
  8 gnolls
  An adder zombie (D:2)
  2 worms
  2 leopard geckos
  5 orcs
  10 bats
  6 giant cockroaches
  7 goblins
  3 hobgoblins (D:1)
  6 jackals (D:3)
  5 quokkas
  3 frilled lizards
  7 kobolds (D:2)
  A leopard gecko zombie (D:2)
  6 rats
93 creatures vanquished.

Notes
Turn   | Place    | Note
-------+----------+-------------------------------------------
     0 | D:1      | Alarkh the Demonspawn Monk began the quest for the Orb.
     0 | D:1      | Reached XP level 1. HP: 18/18 MP: 1/1
   221 | D:1      | Gained mutation: You have a pair of small horns on your head. [demonic ancestry]
   221 | D:1      | Reached XP level 2. HP: 24/24 MP: 2/2
   289 | D:1      | Reached skill level 3 in Long Blades
   738 | D:2      | Reached XP level 3. HP: 16/29 MP: 3/3
  1294 | D:2      | Reached XP level 4. HP: 35/35 MP: 4/4
  1506 | D:2      | Found a burning altar of Makhleb.
  1596 | D:2      | Reached skill level 4 in Long Blades
  1676 | D:3      | Gained mutation: You have a pair of horns on your head. [demonic ancestry]
  1676 | D:3      | Reached XP level 5. HP: 37/41 MP: 5/5
  1863 | D:3      | Noticed Grinder
  1953 | D:3      | Found a sparkling altar of Nemelex Xobeh.
  2174 | D:2      | Killed Grinder
  2174 | D:2      | Reached skill level 5 in Long Blades
  2174 | D:2      | Reached XP level 6. HP: 15/49 MP: 6/6
  2317 | D:3      | Noticed Jessica
  2325 | D:3      | Killed Jessica
  2618 | D:4      | Noticed Blork the orc
  2631 | D:4      | Killed Blork the orc
  2631 | D:4      | Gained mutation: A weak demonic guardian rushes to your aid. [demonic ancestry]
  2631 | D:4      | Reached XP level 7. HP: 54/55 MP: 7/7
  2666 | D:4      | Found Mosunty's Gadget Boutique.
  2714 | D:4      | Found a shimmering altar of Xom.
  2828 | D:4      | Noticed nubinia's ghost (amateur TeCj)
  2842 | D:4      | Killed nubinia's ghost
  2842 | D:4      | Reached skill level 5 in Fighting
  2842 | D:4      | Reached skill level 6 in Long Blades
  3118 | D:4      | Found a stormy altar of Qazlal.
  3119 | D:4      | Found a shadowy altar of Dithmenos.
  3262 | D:4      | Reached skill level 5 in Dodging
  3449 | D:5      | Entered Level 5 of the Dungeon
  3567 | D:5      | Gained mutation: You sometimes gain a little power by taking damage. [demonic ancestry]
  3567 | D:5      | Reached XP level 8. HP: 58/62 MP: 8/8
  3599 | D:5      | Found a staircase to the Ecumenical Temple.
  3796 | D:$      | Got out of the dungeon alive.

Vault maps used:
D:1:      lemuel_arrival_funnel
D:2:      lemuel_round_altar, serial_undead, serial_undead_b, serial_undead_c,
          serial_undead_a, serial_undead_e, roderic_lattice_a
D:3:      nemelex_xobeh_ov_fountains_minmay, hangedman_feature_mirror,
          uniq_grinder, uniq_jessica
D:4:      kennysheep_mini_moat, nicolae_overflow_hidden_temple, first_bread,
          serial_shops, shop, uniq_blork_the_orc
D:5:      grunt_gozag_statues, temple_green

Skill      XL: |  1  2  3  4  5  6  7 |
---------------+----------------------+-----
Long Blades    | 3 4 5 6 |  6.5
Dodging        | 3 4 5 |  5.1
Fighting       | 4 5 |  5.3
Stealth        | |  1.7

Action                   |  1- 3 |  4- 6 |  7- 9 || total
-------------------------+-------+-------+-------++-------
Melee: Falchion          |    61 |       |       ||    61
       Headbutt          |     8 |    23 |    16 ||    47
       Long sword        |    13 |   131 |       ||   144
       Scimitar          |       |       |    67 ||    67
  Use: Potion            |     1 |     3 |     1 ||     5
       Scroll            |     2 |     2 |     2 ||     6
 Stab: Sleeping          |     6 |     4 |       ||    10
  Eat: Chunk             |     1 |     5 |     4 ||    10
Armor: Robe              |    11 |    14 |     6 ||    31
Dodge: Dodged            |    41 |    98 |    38 ||   177
       Rpst.: Falchion   |    10 |       |       ||    10
       Long sword        |     4 |    23 |       ||    27
       Scimitar          |       |       |    11 ||    11
